Map: Simulacre EC

Players

Denver - Winner!

  • Race: Zerg Zerg
  • League: Master
  • Spawn Location: 5:00

Harstem

  • Race: Protoss Protoss
  • League: Master
  • Spawn Location: 11:00

VOD

Have the link to the VOD?

Description

Time

  • Played on: Jan. 13, 2020, 3:07 p.m.
  • Length: 11:18
Show
View Real Time Build Order
Export as new Build Order

Denver Zerg - Winner!

Build Orders: Hatch First 

Get SALT Encoding   

  12  0:00  Drone  
  13  0:12  Overlord  
  13  0:17  Drone  
  14  0:30  Drone  
  14  0:31  Drone  
  16  0:48  Hatchery  
  15  0:51  Drone  
  15  0:55  Drone  
  17  0:58  Drone  
  18  1:09  Extractor  
  17  1:14  Spawning Pool  
  17  1:17  Drone  
  17  1:21  Drone  
  18  1:28  Drone  
  19  1:38  Drone  
  20  1:49  Drone  
  21  2:01  Queen x2  
  21  2:02  Zergling x4  
  27  2:10  Metabolic Boost  
  27  2:11  Overlord  
  27  2:14  Drone  
  28  2:31  Drone x2  
  28  2:36  Hatchery  
  29  2:40  Drone  
  29  2:43  Drone  
  31  2:46  Overlord  
  31  2:49  Drone  
  32  2:56  Queen  
  34  2:58  Drone  
  34  3:01  Drone  
  36  3:09  Queen  
  36  3:10  Drone  
  39  3:15  Drone  
  39  3:16  Drone x2  
  42  3:20  Overlord  
  42  3:23  Overlord  
  42  3:29  Overlord  
  42  3:32  Drone  
  43  3:37  Drone  
  44  3:42  Drone  
  44  3:43  Drone x2  
  44  3:44  Drone  
  44  3:47  Drone  
  49  3:49  Queen  
  49  3:51  Drone  
  49  3:53  Drone  
  53  3:58  Drone x3  
  53  4:00  Spore Crawler  
  55  4:05  Roach Warren  
  55  4:09  Spore Crawler, Drone x2  
  55  4:14  Drone x3  
  58  4:19  Spore Crawler  
  58  4:20  Zergling x4  
  58  4:21  Zergling x2  
  60  4:26  Lair  
  60  4:29  Zergling x4  
  62  4:33  Overlord  
  62  4:35  Zergling x4  
  62  4:36  Zergling x2  
  64  4:43  Drone x3  
  64  4:44  Extractor  
  65  4:58  Roach x8  
  65  4:59  Drone  
  79  5:04  Drone x3  
  82  5:08  Spore Crawler, Overlord  
  81  5:14  Drone  
  81  5:15  Overlord  
  81  5:17  Overlord  
  82  5:21  Overlord  
  82  5:24  Overlord  
  82  5:25  Glial Reconstitution  
  82  5:27  Extractor  
  82  5:28  Overseer  
  81  5:30  Drone x2  
  83  5:35  Drone  
  83  5:36  Drone x3  
  86  5:43  Drone x4  
  86  5:48  Drone x4  
  91  5:57  Overlord  
  91  6:00  Extractor  
  89  6:06  Drone x3  
  89  6:09  Evolution Chamber  
  89  6:10  Overseer, Overlord x2  
  89  6:12  Roach x3  
  89  6:18  Roach, Pneumatized Carapace  
  97  6:20  Drone x3  
  97  6:23  Extractor  
  97  6:24  Extractor  
  98  6:26  Drone x2  
  98  6:27  Drone  
  98  6:32  Overlord  
  101  6:35  Zerg Missile Weapons Level 1  
  101  6:40  Hatchery  
  101  6:41  Roach x5  
  101  6:43  Overlord  
  101  6:45  Overlord  
  110  6:52  Roach x3  
  116  6:57  Overlord  
  116  7:00  Roach x4  
  124  7:04  Drone  
  124  7:05  Drone  
  124  7:07  Infestation Pit  
  125  7:09  Roach x2  
  129  7:18  Roach x5  
  139  7:24  Overseer  
  139  7:25  Overlord  
  139  7:26  Ravager x2  
  139  7:27  Ravager  
  139  7:29  Roach x3  
  148  7:34  Roach x3  
  154  7:41  Roach x5  
  154  7:42  Overlord  
  165  7:46  Overlord x2  
  165  7:50  Ravager x2  
  165  7:51  Ravager  
  168  7:53  Overlord  
  168  7:56  Roach x2  
  168  7:57  Roach x2  
  176  7:59  Overlord  
  176  8:01  Overseer  
  176  8:03  Roach  
  176  8:04  Roach  
  180  8:10  Roach x4  
  188  8:18  Roach x2  
  188  8:19  Roach x3  
  198  8:27  Ravager  
  198  8:28  Ravager  
  190  8:43  Roach x5  
  200  8:52  Roach  
  200  8:53  Roach  
  192  8:56  Roach x4  
  192  8:57  Roach x2  
  191  9:02  Zergling x2  
  191  9:03  Zergling x16  
  191  9:08  Roach x7  
  179  9:16  Roach x4  
  170  9:18  Roach x2  
  170  9:20  Ravager  
  168  9:24  Roach x4  
  168  9:28  Roach x2  
  178  9:33  Roach  
  178  9:37  Roach x4  
  185  9:48  Roach x4  
  180  9:56  Roach x5  
  179  10:04  Zergling x6  
  179  10:05  Zergling x2  
  168  10:08  Roach x4  
  162  10:18  Roach x3  
  162  10:21  Roach  
  147  10:23  Overseer  
  147  10:24  Roach  
  136  10:33  Roach x3  
  128  10:41  Zergling x12  
  127  10:46  Roach  
  127  10:47  Roach  
  128  10:53  Roach x2  
  128  10:59  Roach x5  
  134  11:04  Hydralisk Den  
  143  11:13  Hatchery  
Show
View Real Time Build Order
Export as new Build Order

Harstem Protoss 

Build Orders: 1 Gate Expand, Archon Immortal, Archon Drop, Dark Templar Rush 

Get SALT Encoding   

  12  0:00  Probe  
  13  0:12  Probe  
  14  0:18  Pylon  
  14  0:25  Probe (Chrono Boost)  
  15  0:37  Probe (Chrono Boost)  
  15  0:39  Gateway  
  16  0:45  Probe (Chrono Boost)  
  17  0:50  Assimilator  
  17  0:51  Probe  
  18  1:03  Probe  
  19  1:15  Probe  
  20  1:25  Nexus  
  20  1:35  Cybernetics Core  
  20  1:38  Probe  
  21  1:47  Assimilator  
  21  1:50  Probe  
  21  1:54  Pylon  
  22  2:02  Probe  
  23  2:09  Adept (Chrono Boost)  
  23  2:14  Probe  
  26  2:20  Twilight Council  
  26  2:27  Probe  
  26  2:29  Stalker (Chrono Boost)  
  27  2:31  Warp Gate  
  29  2:37  Probe  
  29  2:39  Probe  
  31  2:49  Probe (Chrono Boost)  
  31  2:51  Robotics Facility  
  33  2:58  Probe (Chrono Boost)  
  33  3:01  Probe (Chrono Boost)  
  34  3:08  Probe (Chrono Boost)  
  34  3:09  Probe (Chrono Boost)  
  36  3:15  Probe  
  36  3:16  Dark Shrine  
  36  3:18  Probe  
  38  3:24  Gateway  
  38  3:27  Probe  
  40  3:35  Gateway  
  40  3:38  Gateway  
  40  3:39  Probe  
  40  3:42  Warp Prism (Chrono Boost)  
  42  3:49  Probe  
  42  3:52  Probe, Assimilator  
  44  3:56  Pylon  
  44  4:01  Probe, Assimilator  
  45  4:04  Pylon  
  45  4:06  Probe  
  45  4:09  Pylon  
  46  4:15  Probe (Chrono Boost)  
  47  4:18  Probe (Chrono Boost)  
  47  4:19  Adept  
  50  4:30  Probe (Chrono Boost)  
  52  4:31  Probe (Chrono Boost)  
  52  4:34  Dark Templar x2  
  52  4:35  Dark Templar  
  58  4:39  Dark Templar  
  58  4:41  Probe  
  58  4:42  Probe  
  60  5:04  Probe, Nexus  
  60  5:06  Pylon  
  61  5:12  Probe  
  62  5:15  Dark Templar  
  62  5:16  Dark Templar  
  62  5:17  Archon  
  62  5:21  Probe, Observer (Chrono Boost)  
  68  5:23  Archon, Forge  
  68  5:26  Sentry, Zealot  
  68  5:28  Shield Battery  
  72  5:37  Probe  
  72  5:44  Immortal (Chrono Boost)  
  72  5:48  Probe  
  75  5:57  Probe, Sentry  
  75  5:59  Protoss Ground Weapons Level 1  
  75  6:02  Pylon  
  75  6:03  Pylon  
  78  6:15  Immortal (Chrono Boost)  
  78  6:16  Probe (Chrono Boost)  
  78  6:17  Probe (Chrono Boost)  
  85  6:20  Probe (Chrono Boost)  
  85  6:24  Gateway  
  86  6:25  Templar Archives  
  86  6:26  Gateway  
  86  6:27  Probe (Chrono Boost)  
  86  6:28  Probe (Chrono Boost)  
  86  6:31  Probe (Chrono Boost)  
  86  6:32  Probe x2 (Chrono Boost)  
  90  6:40  Probe, Assimilator  
  90  6:41  Pylon  
  90  6:42  Probe, Assimilator  
  90  6:44  Immortal (Chrono Boost)  
  96  6:47  Probe  
  97  6:54  Probe  
  97  6:58  Probe  
  100  7:01  Pylon  
  100  7:06  Probe  
  100  7:08  Gateway  
  100  7:09  Gateway  
  100  7:16  Immortal (Chrono Boost)  
  100  7:21  High Templar x4  
  100  7:22  Zealot x2  
  116  7:23  Photon Cannon  
  116  7:25  Pylon  
  116  7:26  Archon x2  
  117  7:30  Probe  
  117  7:32  Photon Cannon  
  117  7:33  Pylon  
  117  7:41  Probe  
  117  7:43  Observer  
  118  7:47  Zealot x2  
  122  7:54  Gateway  
  122  7:55  High Templar x3  
  122  7:56  Pylon, High Templar  
  122  7:57  Gateway  
  130  7:59  Warp Prism (Chrono Boost)  
  130  8:00  Archon x2  
  130  8:05  Pylon  
  132  8:06  Probe  
  132  8:08  Pylon  
  133  8:15  Protoss Ground Weapons Level 2 (Chrono Boost)  
  133  8:16  Zealot x4  
  141  8:20  Pylon  
  137  8:28  Shield Battery  
  137  8:29  Dark Templar  
  137  8:33  Shield Battery  
  137  8:38  Zealot x2  
  137  8:39  Dark Templar  
  143  8:46  Zealot x4  
  146  8:50  Immortal  
  146  8:53  Zealot x2  
  146  8:54  Charge  
  140  8:59  Zealot x2  
  125  9:05  Zealot  
  125  9:07  Zealot x2  
  110  9:13  Zealot x2  
  110  9:14  Probe  
  102  9:19  High Templar  
  102  9:20  High Templar x3  
  110  9:25  Zealot  
  110  9:27  Archon x2  
  110  9:29  Sentry x2  
  110  9:30  Sentry  
  110  9:31  Probe  
  119  9:40  Shield Battery  
  119  9:42  Zealot  
  119  9:45  Dark Templar, Zealot  
  123  9:52  Stalker  
  115  9:53  Zealot  
  111  10:00  Zealot x3  
  109  10:12  Zealot x2  
  92  10:22  Zealot x3  
  92  10:25  Probe  
  92  10:27  Zealot  
  94  10:32  Probe  
  94  10:34  Dark Templar  
  87  10:37  Dark Templar  
  87  10:42  Zealot x2  
  85  10:47  Zealot x2  
  79  10:53  High Templar x2  
  79  10:54  High Templar x2  
  81  11:03  Archon  
  69  11:06  Zealot x2  
  69  11:08  Archon  
  69  11:10  Zealot x3  
Tags
 
Add a new tag
Caveats
  • Supply blocks, unpowered buildings, or Contaminate may cause inaccurate times.
  • Supply counts are checked every 10 seconds.